 Dungeon Crawl Stone Soup version 0.20-a0-927-g1ae2c61 (webtiles) character file.

4723 Kurtz the Grappler (level 10, -3/93 HPs)
             Began as a Troll Chaos Knight on Mar 28, 2017.
             Slain by a killer bee (11 damage)
             ... on level 9 of the Dungeon on Mar 29, 2017.
             The game lasted 00:17:04 (7405 turns).

Kurtz the Grappler (Troll Chaos Knight)             Turns: 7405, Time: 00:17:04

Health: -3/93      AC: 10    Str: 22    XL:     10   Next: 22%
Magic:  11/13      EV: 10    Int:  8    God:    Xom [.....*]
Gold:   785        SH:  0    Dex: 12    Spells: 8/15 levels left

rFire    + + .     SeeInvis .     - Unarmed
rCold    + . .     Gourm    +   (no shield)
rNeg     . . .     Faith    .   a - +2 robe
rPois    +         Spirit   .   (helmet restricted)
rElec    .         Reflect  .   (no cloak)
rCorr    .         Harm     .   (gloves unavailable)
MR       ++...                  (boots unavailable)
Stlth    +.........             (no amulet)
Regen    0.7/turn               I - ring of protection from fire
MPRegen  0.2/turn               u - ring of poison resistance

@: lethally poisoned (-3 -> -3)
A: unfitting armour, claws 3, molten scales 1, rugged brown scales 1, cold
resistance 1, fire resistance 1, fast metabolism 3, gourmand, magic resistance
2, mutation resistance 1, poison resistance, regeneration 1, shaggy fur 1, tough
skin 2, wild magic 1
a: Renounce Religion


You were on level 9 of the Dungeon.
You worshipped Xom.
You were Xom's teddy bear.
You were completely stuffed.

You visited 1 branch of the dungeon, and saw 9 of its levels.
You also visited: Ossuary.

You collected 785 gold pieces.

Inventory:

Missiles
 N - 2 tomahawks of returning (quivered)
Armour
 a - a +2 robe (worn)
 v - a +0 hat
Jewellery
 k - an uncursed ring of positive energy
 t - an uncursed ring of stealth
 u - a ring of poison resistance (right claw)
 D - an uncursed ring of ice
 I - a ring of protection from fire (left claw)
Scrolls
 d - a scroll of fog {unknown}
 h - 12 scrolls of identify {unknown}
 i - 4 scrolls of magic mapping {unknown}
 l - 5 scrolls of teleportation {unknown}
 m - a scroll of enchant armour {unknown}
 o - 2 scrolls of recharging {unknown}
 q - 2 scrolls of blinking {unknown}
 w - a scroll of summoning {unknown}
 y - a scroll of brand weapon {unknown}
 A - a scroll of random uselessness {unknown}
 C - 2 scrolls of enchant weapon {unknown}
 G - 2 scrolls of noise {unknown}
 J - a scroll of amnesia {unknown}
 K - a scroll of fear {unknown}
 O - a scroll of immolation {unknown}
Potions
 c - 5 potions of haste {unknown}
 e - 2 potions of curing
 g - a potion of agility {unknown}
 j - 2 potions of heal wounds {unknown}
 r - a potion of resistance {unknown}
 s - 2 potions of mutation {unknown}
 B - 3 potions of cancellation {unknown}
 F - 3 potions of lignification {unknown}
 L - a potion of flight {unknown}
 M - a potion of might {unknown}
Books
 n - a book of Flames

   Spells                             Type                      Level
   a - Flame Tongue                   Conjuration/Fire             1
   b - Throw Flame                    Conjuration/Fire             2
   c - Conjure Flame                  Conjuration/Fire             3
   d - Inner Flame                    Hexes/Fire                   3
   e - Sticky Flame                   Conjuration/Fire             4
   f - Fireball                       Conjuration/Fire             5
 p - a book of Maledictions

   Spells                             Type                      Level
   a - Corona                         Hexes                        1
   b - Ensorcelled Hibernation        Hexes/Ice                    2
   c - Confuse                        Hexes                        3
   d - Tukima's Dance                 Hexes                        3
   e - Dazzling Spray                 Conjuration/Hexes            3
 x - a book of Necromancy

   Spells                             Type                      Level
   a - Pain                           Necromancy                   1
   b - Animate Skeleton               Necromancy                   1
   c - Vampiric Draining              Necromancy                   3
   d - Regeneration                   Charms/Necromancy            3
   e - Animate Dead                   Necromancy                   4
   f - Control Undead                 Necromancy                   4
 E - a book of Enchantments

   Spells                             Type                      Level
   a - Cause Fear                     Hexes                        4
   b - Yara's Violent Unravelling     Hexes/Transmutation          5
   c - Silence                        Hexes/Air                    5
   d - Deflect Missiles               Charms/Air                   6
   e - Discord                        Hexes                        8
Comestibles
 b - 7 bread rations
 f - 6 royal jellies
 H - 4 fruits


   Skills:
 + Level 3.3 Fighting
 - Level 1.9 Dodging
 * Level 13.0 Unarmed Combat
 * Level 3.0 Spellcasting
 * Level 3.0 Hexes


You had 8 spell levels left.
You knew the following spells:

 Your Spells              Type           Power        Failure   Level  Hunger
a - Tukima's Dance        Hex            #.......     38%         3    ####...
b - Confuse               Hex            #.......     38%         3    ####...
c - Corona                Hex            #......      17%         1    ##.....


Dungeon Overview and Level Annotations

Branches:
Dungeon (9/15)             Temple (0/1) D:4            Lair (0/6) D:9
    Orc (0/2) D:9

Altars:
Hepliaklqana
Kikubaaqudgha
Qazlal
Sif Muna
Uskayaw
Wu Jian
Xom
Yredelemnul


Innate Abilities, Weirdness & Mutations

You are too large for most types of armour.
You have claws for hands.
Your metabolism is lightning-fast.
You like to eat raw meat.
Your natural rate of healing is unusually fast.
You are covered in fur. (AC +1)
You have very tough skin. (AC +2)
You are partially covered in molten scales. (AC +2)
You are partially covered in rugged brown scales. (AC +1, +3% HP)
Your flesh is cold resistant. (rC+)
Your flesh is heat resistant. (rF+)
You are highly resistant to hostile enchantments. (MR++)
You are somewhat resistant to further mutation.
Your system is resistant to poisons. (rPois)
Your spells are a little harder to cast, but a little more powerful.


Message History

a falchion; an orc skeleton The killer bee closely misses you.
The killer bee barely misses you. The killer bee stings you.
You hear a shout!
Unknown command.
You feel sick. The killer bee closely misses you. The killer bee stings you. x2
* * * LOW HITPOINT WARNING * * *
A gnoll comes into view. It is wielding a flail.
The killer bee stings you.
* * * LOW HITPOINT WARNING * * *
The killer bee closely misses you. The killer bee stings you.
* * * LOW HITPOINT WARNING * * *
The killer bee stings you!
* * * LOW HITPOINT WARNING * * *
Xom is mildly amused.
There is an open door here.
The killer bee stings you.
* * * LOW HITPOINT WARNING * * *
The killer bee stings you!
You die...

..........................##..#..
###.######.##..........g...#..#..
#.# #..........g...)..####.. #.#
####.......).........).. #.#
##.................... ##รท#
#.........g..######..)
#..########........)...# #...
#............####g..).)# #.).
##.....)........@#......# #...
...#####...>.....yy.....# #...
##.# #.........#......######...
.#.# ##8...8#+##...............
.#.# ###+###..................
.#.# ###............... .#.######
#.......#####+## .#......#
#.......# .'......# #.......#


You could see 2 killer bees.

Vanquished Creatures
  A swamp dragon (D:8)
  2 hippogriffs
  A wyvern (D:8)
  The ghost of elan the Sneak, an amateur NaHu (D:3)
  3 water moccasins
  Duvessa (D:7)
  A phantom (D:7)
  An ice beast (D:8)
  A black bear (D:8)
  An orc warrior (D:8)
  3 wolves (D:9)
  3 ogres
  A centaur (D:8)
  A big kobold (D:7)
  2 bullfrogs
  A wyvern zombie (D:8)
  Dowan (D:7)
  3 scorpions
  2 killer bees (D:9)
  A howler monkey (D:5)
  4 electric eels (D:9)
  5 crimson imps
  A centaur zombie (Ossuary)
  A centaur skeleton (D:6)
  5 hounds
  3 jellies
  A human zombie (Ossuary)
  5 orc priests
  5 orc wizards
  3 bullfrog skeletons
  A gnoll shaman (D:6)
  An iguana (D:9)
  6 worker ants
  2 mummies (Ossuary)
  A howler monkey zombie (D:7)
  6 gnolls
  14 adders
  A shadow imp (D:7)
  2 adder zombies (Ossuary)
  2 adder skeletons
  3 dart slugs
  4 worms
  6 leopard geckos
  40 orcs
  7 giant cockroaches
  11 goblins
  5 hobgoblins
  16 jackals
  3 quokkas
  2 ball pythons
  4 bats
  5 frilled lizards
  A goblin zombie (Ossuary)
  12 hobgoblin zombies (Ossuary)
  A jackal skeleton (D:5)
  A jackal zombie (Ossuary)
  11 kobolds
  11 kobold zombies (Ossuary)
  A leopard gecko skeleton (D:5)
  5 orc zombies (Ossuary)
  9 rats
  3 rat zombies (Ossuary)
  A spectral orc (D:5)
262 creatures vanquished.

Notes
Turn   | Place    | Note
-------+----------+-------------------------------------------
     0 | D:1      | Kurtz the Troll Chaos Knight began the quest for the Orb.
     0 | D:1      | Reached XP level 1. HP: 22/22 MP: 0/0
    72 | D:1      | XOM: potion effect (agility)
   141 | D:1      | Reached XP level 2. HP: 29/29 MP: 1/1
   259 | D:1      | Reached skill level 4 in Unarmed Combat
   441 | D:2      | Noticed a hand axe
   442 | D:2      | Noticed a hand axe
   447 | D:2      | Reached XP level 3. HP: 36/36 MP: 2/2
   448 | D:2      | Found a hide-covered altar of Uskayaw.
   718 | D:2      | XOM: divination: detect items
   749 | D:2      | Reached XP level 4. HP: 44/44 MP: 3/3
   808 | D:2      | XOM: harmless Chrm miscast
   844 | D:2      | XOM: harmless Hex miscast
   931 | D:3      | XOM: divination: detect items
   933 | D:3      | Reached skill level 5 in Unarmed Combat
  1486 | D:3      | Noticed elan's ghost (amateur NaHu)
  1486 | D:3      | XOM: potion effect (berserk rage)
  1496 | D:3      | Killed elan's ghost
  1496 | D:3      | Reached skill level 6 in Unarmed Combat
  1496 | D:3      | Reached XP level 5. HP: 50/50 MP: 4/4
  1511 | D:3      | XOM is BORED!
  1511 | D:3      | XOM: harmless Air miscast
  1581 | D:3      | You fall through a shaft for 3 floors!
  1586 | D:6      | Reached XP level 6. HP: 59/59 MP: 5/5
  1589 | D:6      | Reached skill level 7 in Unarmed Combat
  1764 | D:6      | Reached skill level 8 in Unarmed Combat
  1764 | D:6      | Reached XP level 7. HP: 66/66 MP: 6/6
  1828 | D:6      | XOM: enchant monster (good)
  1905 | D:6      | Found a stormy altar of Qazlal.
  1991 | D:6      | XOM: god gift: purple potion {god gift}
  2108 | D:7      | Reached skill level 9 in Unarmed Combat
  2161 | D:7      | Noticed a hippogriff
  2169 | D:7      | Killed a hippogriff
  2169 | D:7      | Reached XP level 8. HP: 52/74 MP: 7/7
  2279 | D:7      | XOM: divination: magic mapping
  2312 | D:7      | Reached skill level 10 in Unarmed Combat
  2337 | D:7      | XOM: god gift: book of Necromancy
  2343 | D:7      | Learned a level 3 spell: Tukima's Dance
  2347 | D:7      | Learned a level 3 spell: Confuse
  2382 | D:7      | Noticed Duvessa
  2383 | D:7      | XOM: summons 4 friendly demons
  2384 | D:7      | Noticed Dowan
  2393 | D:7      | Killed Duvessa
  2399 | D:7      | Killed Dowan
  2468 | D:7      | Found a hazy altar of Hepliaklqana.
  2474 | D:7      | XOM: destruction
  2655 | D:7      | Reached skill level 1 in Hexes
  3020 | D:7      | Found a deep blue altar of Sif Muna.
  3123 | D:8      | Reached skill level 11 in Unarmed Combat
  3131 | D:8      | XOM: harmless Hex miscast
  3134 | D:8      | XOM: divination: detect creatures
  3249 | D:8      | Reached XP level 9. HP: 56/80 MP: 9/9
  3254 | D:8      | Reached skill level 1 in Spellcasting
  3300 | D:8      | XOM: medium Summ miscast
  3377 | D:8      | Noticed a two-headed ogre
  3379 | D:8      | Noticed a swamp dragon
  3379 | D:8      | a two-headed ogre changed into a swamp dragon
  3379 | D:8      | XOM: polymorph two-headed ogre -> swamp dragon
  3446 | D:5      | Entered Level 5 of the Dungeon
  3528 | D:5      | XOM: blink monster(s)
  3808 | D:5      | XOM: blink monster(s)
  4041 | D:5      | Found a basalt altar of Yredelemnul.
  4335 | D:5      | XOM: give mutation
  4335 | D:5      | Gained mutation: Your flesh is heat resistant. (rF+) [Xom's grace]
  4356 | D:5      | XOM: scenery: create altars
  4368 | D:4      | Found a sand-covered staircase.
  4394 | Ossuary  | Entered an ossuary
  4417 | Ossuary  | XOM: 1-stop teleportation journey
  4532 | Ossuary  | Reached skill level 12 in Unarmed Combat
  4548 | Ossuary  | Got a spiked buckler
  4624 | D:4      | Learned a level 1 spell: Corona
  4753 | D:4      | XOM: give mutations
  4753 | D:4      | Gained mutation: You are partially covered in rugged brown scales. (AC +1, +3% HP) [Xom's grace]
  4753 | D:4      | Gained mutation: You are resistant to hostile enchantments. (MR+) [Xom's grace]
  4753 | D:4      | Gained mutation: You evolve. [Xom's grace]
  4917 | D:4      | Found an ancient bone altar of Kikubaaqudgha.
  4932 | D:4      | Found a staircase to the Ecumenical Temple.
  4978 | D:4      | XOM: give mutations
  4978 | D:4      | Gained mutation: Your flesh is cold resistant. (rC+) [Xom's grace]
  4978 | D:4      | Gained mutation: Your spells are a little harder to cast, but a little more powerful. [Xom's grace]
  4978 | D:4      | Gained mutation: You are partially covered in molten scales. (AC +2) [Xom's grace]
  5047 | D:4      | XOM: cloud trail
  5264 | D:4      | XOM: give mutations
  5264 | D:4      | Lost mutation: You evolve. [Xom's grace]
  5264 | D:4      | Gained mutation: You are somewhat resistant to further mutation. [Xom's grace]
  5264 | D:4      | Gained mutation: You are highly resistant to hostile enchantments. (MR++) [Xom's grace]
  5264 | D:4      | Gained mutation: Your system is resistant to poisons. (rPois) [Xom's grace]
  5396 | D:4      | XOM: scenery: create altars
  5751 | D:3      | Found an ornate altar of the Wu Jian Council.
  5861 | D:5      | XOM: god gift: 430 gold pieces
  5891 | D:6      | XOM: silly message
  6405 | D:8      | XOM: divination: detect items
  6410 | D:8      | Killed a swamp dragon
  6414 | D:8      | XOM: cloud trail
  6476 | D:8      | Reached XP level 10. HP: 93/93 MP: 12/12
  6568 | D:9      | Found a staircase to the Orcish Mines.
  6589 | D:9      | Found a staircase to the Lair.
  6694 | D:9      | XOM: harmless Conj miscast
  6726 | D:9      | XOM: summons friendly iron imp
  6844 | D:9      | Found a shimmering altar of Xom.
  6895 | D:9      | XOM: 1-stop teleportation journey
  7176 | D:9      | XOM: 1-stop teleportation journey
  7384 | D:9      | Reached skill level 13 in Unarmed Combat
  7397 | D:9      | XOM: god gift: giant spiked club {god gift}
  7398 | D:9      | XOM: cast spell 'Chain of Chaos'
  7405 | D:9      | Slain by a killer bee

Vault maps used:
D:1:      minmay_arrival_checkered_box
D:2:      dancing_weapons_uskayaw, first_bread
D:3:      marbit_many_paths
D:4:      old_standard_altar, minmay_temple_entry_statues,
          nicolae_ossuary_entry_monument
D:5:      yredelemnul_forgotten_temple_becter, minmay_misc_feat_room
D:6:      nicolae_qazlal_eye_of_the_storm, st_stairs_12
D:7:      nicolae_overflow_crystal_walls, lemuel_blue_sif_altar,
          kennysheep_generic_room_11, uniq_duvessa
D:9:      erik_lair_island, minmay_orc_entry_temple_small, basic_altar,
          hangedman_little_slice_of_home, okawaru_trees_2
Ossuary:  ossuary_tomb_1

Skill      XL: |  1  2  3  4  5  6  7  8  9 10 |
---------------+-------------------------------+-----
Unarmed Combat | 4 6 8 9 11 12 13 | 13.0
Hexes          | 1 2 3 |  3.0
Spellcasting   | 2 3 |  3.0
Fighting       | 3 |  3.3
Dodging        | |  1.9

Action                   |  1- 3 |  4- 6 |  7- 9 | 10-12 || total
-------------------------+-------+-------+-------+-------++-------
Melee: Unarmed           |   105 |   104 |   358 |    61 ||   628
       Punch             |     2 |     4 |    17 |     3 ||    26
Throw: Tomahawk          |       |       |       |     7 ||     7
 Cast: Corona            |       |       |    20 |     4 ||    24
       Confuse           |       |       |     3 |     7 ||    10
  Use: Potion            |       |       |     2 |       ||     2
 Stab: Sleeping          |     1 |       |       |     1 ||     2
       Confused          |       |       |     1 |     1 ||     2
       Distracted        |       |       |     1 |       ||     1
  Eat: Chunk             |    12 |    10 |    45 |    10 ||    77
Armor: Robe              |    55 |    35 |   106 |    30 ||   226
Dodge: Dodged            |    54 |    45 |   134 |    62 ||   295
